 Dungeon Crawl Stone Soup version 0.20.1-1-g8b1a95d (webtiles) character file.

756 vineage the Basher (level 7, 0/41 HPs)
             Began as a Gargoyle Berserker on Nov 2, 2017.
             Was a Believer of Trog.
             Killed by divine providence
             ... invoked by an orc priest
              (12 damage)
             ... on level 4 of the Dungeon.
             The game lasted 00:07:36 (4676 turns).

vineage the Basher (Gargoyle Berserker)             Turns: 4676, Time: 00:07:37

Health: 0/41       AC: 10    Str: 25    XL:     7   Next: 79%
Magic:  7/7        EV: 12    Int:  7    God:    Trog [**....]
Gold:   200        SH:  0    Dex: 11    Spells: 6/6 levels left

rFire    + . .     SeeInvis .   a - +1 mace
rCold    + . .     Gourm    .   (no shield)
rNeg     + . .     Faith    .   b - +0 animal skin
rPois    ∞         Spirit   .   o - +0 helmet
rElec    +         Reflect  .   (no cloak)
rCorr    .         Harm     .   (no gloves)
MR       .....                  (no boots)
Stlth    +.........             (no amulet)
Regen    0.2/turn               (no ring)
MPRegen  0.1/turn               i - +2 ring of strength

@: slowed, very slow
A: iridescent scales 1, agile 1, cold resistance 1, fire resistance 1, negative
energy resistance 1, electricity resistance, unbreathing, petrification
resistance, rot immunity, AC +4
a: Berserk, Trog's Hand, Burn Spellbooks, Renounce Religion


You were on level 4 of the Dungeon.
You worshipped Trog.
Trog was pleased with you.
You were not hungry.

You visited 1 branch of the dungeon, and saw 4 of its levels.

You collected 200 gold pieces.

Inventory:

Hand Weapons
 a - a +1 mace (weapon)
Armour
 b - a +0 animal skin (worn)
 o - a +0 helmet (worn)
Jewellery
 i - a +2 ring of strength (right hand)
 l - an uncursed ring of poison resistance {unknown}
 q - an uncursed amulet of the gourmand {unknown}
 r - an uncursed ring of protection from fire {unknown}
Scrolls
 e - 2 scrolls of blinking {unknown}
 f - a scroll of fear {unknown}
 g - a scroll of enchant weapon
 h - a scroll of enchant armour {unknown}
 k - a scroll of immolation {unknown}
 p - a scroll of remove curse {unknown}
Potions
 d - a potion of degeneration
 m - a potion of brilliance
 s - a potion of cancellation
Comestibles
 c - a bread ration


   Skills:
 - Level 3.2 Fighting
 + Level 9.0 Maces & Flails
 - Level 2.1 Armour
 - Level 1.5 Dodging


You had 6 spell levels left.
You didn't know any spells.

Dungeon Overview and Level Annotations

Branches:
Dungeon (4/15)             Temple (0/1) D:4

Altars:
Okawaru
Qazlal
Ru


Innate Abilities, Weirdness & Mutations

You are resistant to torment.
Your stone body is resilient. (AC +4)
You are immune to poison.
You resist negative energy. (rN+)
You are resistant to electric shocks. (rElec)
You can survive without breathing.
You are immune to petrification.
You are immune to rotting.
You are partially covered in iridescent scales. (AC +2)
You are agile. (Dex +2)
Your flesh is cold resistant. (rC+)
Your flesh is heat resistant. (rF+)


Message History

The orc wizard hits you but does no damage.
The orc priest calls down the wrath of Beogh upon you.
Beogh smites you!
The orc wizard points at you and mumbles some strange words.
The magic dart hits you!
The orc wizard looks satisfied for a moment.
The orc wizard closely misses you. x2
The orc priest calls upon Beogh to heal the orc wizard.
The orc wizard is healed somewhat.
You closely miss the orc wizard.
The orc wizard is heavily wounded.
The orc priest looks braver for a moment.
The orc priest mumbles some strange prayers to Beogh against you.
Pain shoots through your body!
The orc wizard points at you and mumbles some strange words.
The magic dart hits you!
* * * LOW HITPOINT WARNING * * *
The orc priest mumbles some strange prayers to Beogh against you.
Beogh smites you!
You die...

##....#........#
#.....+...<..[.#
##....##.......#
##....##.......#
#.....)........#
#....)###'##...#
#.....##..######
#####.....##..##..##
#..@#.........'.....
#..ooooo..##..##....
##..##....##..# ...
#...##....##...# ..
#.####....+....# .
#. #....##..## #.
#....##.^# #.
#....##... ......


You could see 2 orc priests, 2 orc wizards and an orc.

Vanquished Creatures
  The ghost of AdmiralAndromeda the Spear-Bearer, an amateur MfGl (D:4)
  Purgy (D:4)
  A phantom (D:3)
  An ogre (D:4)
  3 orc wizards (D:4)
  An orc priest (D:4)
  A worker ant (D:4)
  A howler monkey skeleton (D:4)
  4 gnolls (D:4)
  2 adders
  2 worms
  A dart slug (D:1)
  3 leopard geckos
  9 orcs
  2 ball pythons
  7 bats
  5 giant cockroaches
  7 goblins
  5 hobgoblins
  4 jackals (D:2)
  A quokka (D:3)
  7 frilled lizards
  10 kobolds
  7 rats
86 creatures vanquished.

Notes
Turn   | Place    | Note
-------+----------+-------------------------------------------
     0 | D:1      | vineage the Gargoyle Berserker began the quest for the Orb.
     0 | D:1      | Reached XP level 1. HP: 14/14 MP: 1/1
   179 | D:1      | Reached XP level 2. HP: 19/19 MP: 2/2
   638 | D:1      | Reached skill level 4 in Maces & Flails
   671 | D:1      | Reached XP level 3. HP: 22/23 MP: 3/3
   771 | D:1      | Reached ** piety under Trog
  1629 | D:2      | Reached XP level 4. HP: 26/28 MP: 4/4
  1863 | D:3      | Reached skill level 5 in Maces & Flails
  1872 | D:3      | Found a sacrificial altar of Ru.
  2276 | D:3      | Noticed a phantom
  2347 | D:3      | Killed a phantom
  2347 | D:3      | Reached skill level 6 in Maces & Flails
  2347 | D:3      | Reached XP level 5. HP: 27/32 MP: 5/5
  3321 | D:4      | Found an iron altar of Okawaru.
  3336 | D:4      | Noticed Purgy
  3365 | D:4      | Gained mutation: You are partially covered in iridescent scales. (AC +2) [potion of mutation]
  3365 | D:4      | Gained mutation: Your flesh is heat resistant. (rF+) [potion of mutation]
  3365 | D:4      | Gained mutation: You are agile. (Dex +2) [potion of mutation]
  3365 | D:4      | Gained mutation: Your flesh is cold resistant. (rC+) [potion of mutation]
  3378 | D:4      | Killed Purgy
  3378 | D:4      | Reached XP level 6. HP: 6/37 MP: 6/6
  3381 | D:4      | Reached skill level 7 in Maces & Flails
  3674 | D:4      | Found a staircase to the Ecumenical Temple.
  3679 | D:4      | Found a stormy altar of Qazlal.
  3690 | D:4      | Noticed AdmiralAndromeda's ghost (amateur MfGl)
  3703 | D:4      | Killed AdmiralAndromeda's ghost
  3703 | D:4      | Reached skill level 8 in Maces & Flails
  3703 | D:4      | Reached XP level 7. HP: 41/41 MP: 7/7
  4283 | D:4      | Reached skill level 9 in Maces & Flails
  4676 | D:4      | Killed from afar by an orc priest

Skill      XL: |  1  2  3  4  5  6  7 |
---------------+----------------------+-----
Maces & Flails | 4 6 8 9 |  9.0
Fighting       | |  3.2
Armour         | |  2.1
Dodging        | |  1.5

Action                   |  1- 3 |  4- 6 |  7- 9 || total
-------------------------+-------+-------+-------++-------
Melee: Mace              |   123 |   102 |    70 ||   295
Invok: Berserk           |     1 |     3 |     1 ||     5
       Trog's Hand       |       |     2 |     2 ||     4
  Use: Scroll            |       |     7 |       ||     7
       Potion            |       |     4 |     1 ||     5
  Eat: Meat ration       |     1 |     1 |       ||     2
       Bread ration      |       |     1 |     1 ||     2
Armor: Animal skin       |    39 |    45 |    35 ||   119
Dodge: Dodged            |   110 |   101 |    54 ||   265
